 Dungeon Crawl Stone Soup version 0.31.0-11-ge490571c62 (webtiles) character file.

Game seed: 18005786006969043292

380 Arcadio the Chiller (level 6, -9/41 HPs)
             Began as a Merfolk Ice Elementalist on Jan 31, 2024.
             Shot with an arrow by a centaur (11 damage)
             ... on level 5 of the Dungeon.
             The game lasted 00:08:10 (4871 turns).

Arcadio the Chiller (Merfolk Ice Elementalist)      Turns: 4871, Time: 00:08:11

Health: -9/41      AC:  4    Str:  9    XL:     6   Next: 75%
Magic:  8/11       EV: 14    Int: 16    God:
Gold:   420        SH:  0    Dex: 14    Spells: 3/12 levels left

rFire   . . .        d - +0 dagger
rCold   . . .        (no shield)
rNeg    . . .        a - +0 robe
rPois   .            q - +0 helmet
rElec   .            w - +0 cloak
rCorr   .            (no gloves)
SInv    .            (no boots)
Will    .....        (no amulet)
Stlth   ++           (no ring)
HPRegen 0.26/turn    (no ring)
MPRegen 0.12/turn

%: no passive effects
@: freezing walls
A: (nimble swimmer 2), mertail
a: no special abilities


You were on level 5 of the Dungeon.
You visited 1 branch of the dungeon, and saw 5 of its levels.

You collected 420 gold pieces.

Inventory:

Hand Weapons
 d - a +0 dagger (weapon)
 s - a +3 flail
Armour
 a - a +0 robe (worn)
 c - a +0 scale mail
 e - a +0 ring mail
 j - a +0 leather armour
 q - a +0 helmet (worn)
 w - a +0 cloak (worn)
Wands
 n - a wand of polymorph (6)
Scrolls
 g - a scroll of noise {unknown}
 h - a scroll of teleportation
 o - a scroll of amnesia {unknown}
 r - a scroll of identify
 u - a scroll of vulnerability {unknown}
 v - a scroll of enchant weapon {unknown}
Potions
 b - a potion of magic
 f - a potion of might
 i - a potion of haste
 k - a potion of attraction {unknown}
 l - a potion of heal wounds
 m - a potion of resistance {unknown}
 p - a potion of cancellation {unknown}
 t - 2 potions of curing


   Skills:
 + Level 5.7 Dodging
 - Level 2.1 Stealth
 + Level 3.9 Spellcasting
 + Level 6.1 Ice Magic


You had 3 spell levels left.
You knew the following spells:

 Your Spells              Type           Power      Damage    Failure   Level
a - Freeze                Ice            88%        1d9       1%          1
b - Frozen Ramparts       Ice            44%        1d7       4%          3
c - Ensorcelled Hibernat  Hex/Ice        24%        N/A       8%          2
d - Ozocubu's Armour      Ice            22%        N/A       4%          3

Your spell library contained the following spells:

 Spells                   Type           Power      Damage    Failure   Level
 Summon Ice Beast         Ice/Summ       12%        N/A       14%         3
 Summon Small Mammal      Summ           12%        N/A       17%         1
 Cigotuvi's Dreadful Rot  Necr/Alch/Air  6%         N/A       26%         2
 Call Canine Familiar     Summ           3%         N/A       45%         3
 Fugue of the Fallen      Necr           3%         N/A       45%         3
 Anguish                  Hex/Necr       1%         N/A       86%         4
 Ignite Poison            Fire/Alch      3%         N/A       86%         4
 Summon Blazeheart Golem  Fire/Summ      3%         N/A       86%         4
 Freezing Cloud           Conj/Ice/Air   4%         6-21      90%         5


Dungeon Overview and Level Annotations

Branches:
Dungeon (5/15)
 Temple: D:4-7

Altars:
Cheibriados
Hepliaklqana

Annotations:
D:4 3 runed translucent doors, 7tar4e's ghost, amateur OpSh; Nilihum's ghost, novice TrSh; notrandom's ghost, amateur GrGl


Innate Abilities, Weirdness & Mutations

((You are very nimble when in or above water. (Stealth+, EV+, Speed+++)))
Your lower body shifts to a powerful aquatic tail in water.


Message History

You shake off some of the fire as you move.
The liquid fire burns you!
You shake off some of the fire as you move.
The liquid fire burns you!
You are on fire!
You shake off the liquid fire.
r - 2 scrolls of identify (gained 1)
As you read the scroll of identify, it crumbles to dust.
t - 2 potions of curing A centaur is nearby!
The centaur shouts!
The centaur wields a +0 shortbow.
The centaur shoots an arrow.
The arrow hits you.
The centaur shoots an arrow.
The arrow hits you!
Things that are here:
a +0 whip; a +0 scale mail You start resting.
The centaur shoots an arrow.
The arrow misses you.
Casting: Freeze (safe; 1% risk of failure)
Confirm with . or Enter, or press ? or * to list all spells.
Casting: Frozen Ramparts (dangerous; 4% risk of failure)
Press: ? - help, Dir - look around, f - activate The walls around you are covered in ice.
The wall freezes the centaur but does no damage.
The centaur shoots an arrow.
The arrow hits you.
Welcome back, Arcadio the Merfolk Ice Elementalist.
Press ? for a list of commands and other information.
Aiming: Polymorph
Press: ? - help, Shift-Dir - straight line, f - centaur
Aim: a centaur, wielding a +0 shortbow (will become a howler monkey, a boggart, or a tengu, chance to affect: 49%)
The centaur resists with some effort.
The wall freezes the centaur.
The centaur shoots an arrow.
The arrow hits you!
* * * LOW HITPOINT WARNING * * *
The wall freezes the centaur.
Aiming: Polymorph
Press: ? - help, Shift-Dir - straight line, f/p - centaur
Aim: a centaur, wielding a +0 shortbow (lightly wounded, will become a howler monkey, a boggart, or a tengu, chance to affect: 49%)
The centaur resists with some effort.
The wall freezes the centaur.
The centaur shoots an arrow.
The arrow hits you!
You die...

#####c....#..##..
###...#.##..#
##....##.# #...
#####.....##.#
##..
#......##.##.# #
#.##..###..#.. #
#.## ##.##.
...#####.##.#
..###.@.c....#
### #.###.#..# #.
#....... ##
...#.### #......
##.#.#.# ...#..
.. .


You could see a centaur.

Vanquished Creatures
  A bombardier beetle (D:5)
  A hound (D:4)
  Crazy Yiuf (D:4)
  An iguana (D:5)
  2 orc wizards
  7 gnolls
  6 adders
  3 dart slugs
  2 ribbon worms
  4 orcs
  6 bats
  3 endoplasms
  3 giant cockroaches
  11 goblins
  6 hobgoblins
  4 jackals (D:1)
  5 quokkas
  6 ball pythons
  5 frilled lizards
  4 kobolds
  4 rats
85 creatures vanquished.

Notes
Turn   | Place    | Note
-------+----------+-------------------------------------------
     0 | D:1      | Arcadio the Merfolk Ice Elementalist began the quest for
                  | the Orb.
     0 | D:1      | Reached XP level 1. HP: 13/13 MP: 3/3
   263 | D:1      | Reached XP level 2. HP: 12/19 MP: 1/5
   536 | D:1      | Reached XP level 3. HP: 3/24 MP: 1/6
   631 | D:1      | Learned a level 3 spell: Frozen Ramparts
   864 | D:1      | Learned a level 2 spell: Ensorcelled Hibernation
  1762 | D:2      | Reached skill level 5 in Ice Magic
  1762 | D:2      | Reached XP level 4. HP: 30/30 MP: 4/8
  2182 | D:3      | Reached XP level 5. HP: 34/35 MP: 5/9
  2426 | D:3      | Found a faded altar of an unknown god.
  2543 | D:3      | Found a hazy altar of Hepliaklqana.
  2543 | D:3      | Found a snail-covered altar of Cheibriados.
  3130 | D:4      | Learned a level 3 spell: Ozocubu's Armour
  3172 | D:4      | Reached skill level 5 in Dodging
  3328 | D:4      | Reached XP level 6. HP: 41/41 MP: 8/11
  3693 | D:4      | Found a runed translucent gate.
  3694 | D:4      | Found a runed translucent gate.
  3694 | D:4      | Found a runed translucent gate.
  3695 | D:4      | Noticed notrandom's ghost (amateur GrGl)
  3695 | D:4      | Noticed 7tar4e's ghost (amateur OpSh)
  3695 | D:4      | Noticed Nilihum's ghost (novice TrSh)
  4415 | D:4      | Found a runed translucent door.
  4416 | D:4      | Noticed Crazy Yiuf
  4501 | D:4      | Killed Crazy Yiuf
  4714 | D:5      | Entered Level 5 of the Dungeon
  4749 | D:5      | Reached skill level 6 in Ice Magic
  4870 | D:5      | HP: 2/41 [centaur/arrow (10)]
  4871 | D:5      | Shot with an arrow by a centaur

Illustrated notes

Levels and vault maps discovered:
D:1:      lemuel_arrival_behind_the_door_large, layout_basic
D:2:      layout_basic
D:3:      layout_basic, gammafunk_temple_overflow_elements,
          chequers_ecumenical_altar_island, minmay_gold_behind_fungi,
          minmay_pentangle
D:4:      layout_layer_cave, serial_glass, glass_columns_b, glass_columns_b,
          glass_columns_a, glass_columns_b, gammafunk_ghost_cemetery,
          hangedman_decor_clover_reticule, uniq_crazy_yiuf_cottage
D:5:      layout_rooms

Skill      XL: |  1  2  3  4  5  6 |
---------------+-------------------+-----
Dodging        | 3 4 5 |  5.7
Ice Magic      | 5 6 |  6.1
Spellcasting   | 3 |  3.9
Stealth        | |  2.1

Action                     |  1- 3 |  4- 6 || total
---------------------------+-------+-------++-------
  Melee: Dagger            |    44 |    62 ||   106
   Cast: Freeze            |    42 |    72 ||   114
         Frozen Ramparts   |       |    11 ||    11
  Evoke: Wand              |       |     2 ||     2
    Use: Scroll            |       |     4 ||     4
         Potion            |       |     1 ||     1
   Stab: Sleeping          |     5 |     2 ||     7
         Distracted        |       |     1 ||     1
 Armour: Robe              |    35 |    55 ||    90
  Dodge: Dodged            |    46 |    70 ||   116
